 Dungeon Crawl Stone Soup version 0.30-a0-989-g0d87f670db (webtiles) character file.

Game seed: 4083330607707289991

4441 Maxmaps the Transmogrifier (level 10, -1/105 HPs)
             Began as a Demonspawn Transmuter on Apr 4, 2023.
             Was an Initiate of Gozag.
             Slain by an Executioner (5 damage)
             ... on level 3 of the Abyss.
             The game lasted 00:17:30 (9242 turns).

Maxmaps the Transmogrifier (Demonspawn Transmuter)  Turns: 9242, Time: 00:17:30

Health: -1/105     AC: 25    Str:  8 (11) XL:     10   Next: 15%
Magic:  1/13       EV:  2    Int: 20 (21) God:    Gozag
Gold:   526        SH:  0    Dex: 17 (18) Spells: 5/13 levels left

rFire   . . .      SeeInvis +      - Unarmed
rCold   . . .      Faith    .    (no shield)
rNeg    . . .      Spirit   .    n - melded +0 leather armour of the Armadillo {rC+ Will+ Stlth+}
rPois   +          Reflect  .    (helmet currently unavailable)
rElec   +          Rampage  .    (cloak currently unavailable)
rCorr   +          NoTele   +    (gloves currently unavailable)
Will    .....                    (boots currently unavailable)
Stlth   ++                       t - amulet of magic regeneration
HPRegen 0.37/turn                g - +6 ring of intelligence
MPRegen 0.53/turn                d - ring of Hompoholo {rElec rCorr Int-3 Dex+4 SInv}

@: tree-form (expiring)
A: stationary, stasis, torment immunity, boosted hp, repulsion field 2, demonic
guardian 2, powered by death 1, (weakness stinger 2)
a: Renounce Religion, Potion Petition, Call Merchant, Bribe Branch


You were on level 3 of the Abyss.
You worshipped Gozag.
Gozag was pleased with you.
You were a tree.
You visited 2 branches of the dungeon, and saw 10 of its levels.
You visited the Abyss 1 time.

You collected 1013 gold pieces.
You paid 487 gold pieces to Gozag.

Inventory:

Armour
 a - a +0 robe
 n - the +0 leather armour of the Armadillo (melded) {rC+ Will+ Stlth+}
   (You found it on level 2 of the Dungeon)

   rC:        It protects you from cold.
   Will:      It increases your willpower.
   Stlth:     It makes you more stealthy.
 v - +0 fire dragon scales
Jewellery
 c - a ring of flight
 d - the ring of Hompoholo (right branch) {rElec rCorr Int-3 Dex+4 SInv}
   (You acquired it on level 5 of the Dungeon)

   [ring of see invisible]

   Int:       It affects your intelligence (-3).
   Dex:       It affects your dexterity (+4).
   rElec:     It insulates you from electricity.
   SInv:      It lets you see invisible.
   rCorr:     It protects you from acid and corrosion.
 g - a +6 ring of intelligence (left branch)
 s - a ring of willpower
 t - an amulet of magic regeneration (around neck)
Wands
 q - a wand of roots (9)
 u - a wand of paralysis (2)
Scrolls
 h - 6 scrolls of teleportation
 i - 2 scrolls of enchant weapon
 m - 2 scrolls of noise
 p - a scroll of magic mapping
 r - 2 scrolls of blinking
 w - a scroll of vulnerability {unknown}
 y - 2 scrolls of identify
Potions
 b - a potion of lignification
 f - 2 potions of attraction
 k - 3 potions of flight
 l - a potion of might
 o - 3 potions of mutation
 x - a potion of degeneration
 z - a potion of heal wounds


   Skills:
 - Level 3.3 Fighting
 - Level 4.5 Armour
 + Level 5.0 Dodging
 - Level 4.1 Unarmed Combat
 - Level 2.0 Spellcasting
 - Level 8.2 Transmutations
 - Level 6.2 Ice Magic
 - Level 4.1 Poison Magic


You had 5 spell levels left.
You knew the following spells:

 Your Spells              Type           Power      Damage    Failure   Level
a - Beastly Appendage     Tmut           68%        N/A       1%          1
b - Spider Form           Tmut/Pois      26%        N/A       3%          3
c - Ice Form              Ice/Tmut       30%        N/A       9%          4

Your spell library contained the following spells:

 Spells                   Type           Power      Damage    Failure   Level
 Wereblood                Tmut           34%        N/A       1%          2
 Passwall                 Tmut/Erth      15%        N/A       4%          2
 Sandblast                Erth           4%         2d4       16%         1
 Dazzling Flash           Conj/Hex       4%         N/A       43%         3
 Stone Arrow              Conj/Erth      4%         3d7       43%         3
 Vhi's Electric Charge    Tloc/Air       4%         N/A       43%         3
 Iskenderun's Mystic Bla  Conj/Tloc      2%         2d3       83%         4
 Arcjolt                  Conj/Air       1%         1d11      99%         5
 Starburst                Conj/Fire      1%         6d3       100%        6
 Maxwell's Capacitive Co  Air            1%         ∞         100%        8


Dungeon Overview and Level Annotations

Branches:
Dungeon (9/15)             Temple (1/1) D:6            Lair (0/5) D:9
    Orc: D:9-12

Altars:
Cheibriados
Dithmenos
Fedhas
Gozag
Hepliaklqana
Makhleb
Nemelex Xobeh
Okawaru
Qazlal
Sif Muna
Trog
Uskayaw
Vehumet
Wu Jian
Xom
Yredelemnul

Annotations:
D:4 2 transporters, dracfodder's ghost, amateur FoFi
D:5 1 runed translucent door, dialectric's ghost, amateur DsFi
D:8 2 transporters, jtron's ghost, novice DsWn


Innate Abilities, Weirdness & Mutations

You are a tree.
Your roots penetrate the ground, keeping you stationary.
You cannot be teleported.
You are immune to unholy pain and torment.
Your maximum health is greatly increased.
Your equipment is partially melded.
You are surrounded by a moderate repulsion field. (EV +3)
A demonic guardian rushes to your aid.
You regenerate a little health from kills.
((You have a tail ending in a sharp stinger.))


Message History

The Executioner hits you but does no damage. x3
The Executioner hits you.
* * * LOW HITPOINT WARNING * * *
The Executioner hits you.
* * * LOW HITPOINT WARNING * * *
The Executioner hits you but does no damage.
The lorocyproca hits you!
* * * LOW HITPOINT WARNING * * *
You feel your power leaking away.
Unknown command.
Unknown command.
You closely miss the lorocyproca.
The lorocyproca is heavily wounded.
The Executioner hits you but does no damage.
The Executioner hits you.
* * * LOW HITPOINT WARNING * * *
The Executioner hits you but does no damage.
The Executioner gestures.
The Executioner seems to speed up.
The lorocyproca hits you but does no damage.
You hit the lorocyproca. Your punch misses the lorocyproca.
The lorocyproca is heavily wounded.
The Executioner hits you but does no damage.
The Executioner hits you.
* * * LOW HITPOINT WARNING * * *
The Executioner hits you but does no damage. x4
The Executioner hits you.
* * * LOW HITPOINT WARNING * * *
The Executioner hits you but does no damage. x2
The lorocyproca hits you.
* * * LOW HITPOINT WARNING * * *
You feel your power leaking away.
Unknown command.
Unknown command.
You hit the lorocyproca but do no damage.
The lorocyproca is heavily wounded.
Your transformation is almost over.
The Executioner hits you.
You die...
Your body crumbles into a pile of gold.

. ##### ..
#....# #.
####....#
...##......#
#.#.......#
#......2..#
#.1♣#
#.##.4......
.. ##...#...
..# .#.# #.
.### . .# ##


You could see a lorocyproca (invisible), an Executioner (fast) and a friendly
ice devil (summoned).

Vanquished Creatures
  Pikel (D:8)
  A smoke demon (Abyss:3)
  A queen bee (shapeshifter) (Abyss:3)
  A hellwing (Abyss:3)
  A yak (D:8)
  A wyvern (D:8)
  A wraith (D:9)
  A water moccasin (D:5)
  An ice beast (D:6)
  2 orc warriors (D:6)
  A centaur (D:8)
  2 lemures (D:8)
  4 bullfrogs
  A gnoll sergeant (D:9)
  A kobold brigand (D:8)
  A scorpion (D:5)
  6 wights (D:9)
  8 killer bees
  11 howler monkeys
  An orc priest (D:6)
  2 gnoll boudas
  3 hounds
  A jelly (D:8)
  2 iguanas (D:5)
  6 orc wizards
  6 gnolls
  10 adders
  A shadow imp (D:6)
  An ufetubus (D:6)
  A dart slug (D:3)
  17 orcs
  6 ball pythons
  6 bats
  9 endoplasms
  4 giant cockroaches
  9 goblins
  8 hobgoblins
  2 jackals (D:1)
  10 kobolds
  7 quokkas
  4 rats
162 creatures vanquished.

Vanquished Creatures (collateral kills)
  A sky beast (D:8)
  An orc priest (D:5)
  A gnoll (D:7)
  4 orcs
7 creatures vanquished.

Grand Total: 169 creatures vanquished

Notes
Turn   | Place    | Note
-------+----------+-------------------------------------------
     0 | D:1      | Maxmaps the Demonspawn Transmuter began the quest for the
                  | Orb.
     0 | D:1      | Reached XP level 1. HP: 15/15 MP: 3/3
    69 | D:1      | Reached skill level 2 in Transmutations
   527 | D:1      | Noticed a shining eye
   531 | D:1      | Found a faded altar of an unknown god.
   534 | D:1      | Noticed a great orb of eyes
   534 | D:1      | Noticed a shining eye
   534 | D:1      | Noticed a shining eye
   586 | D:1      | Gained mutation: You have a small tail. [demonic ancestry]
   586 | D:1      | Reached XP level 2. HP: 21/21 MP: 5/5
   862 | D:1      | Reached skill level 3 in Transmutations
  1175 | D:2      | Gained mutation: You regenerate a little health from kills.
                  | [demonic ancestry]
  1175 | D:2      | Reached XP level 3. HP: 19/26 MP: 3/6
  1194 | D:2      | Learned a level 3 spell: Spider Form
  1327 | D:2      | Identified the +0 leather armour of the Armadillo {rC+
                  | Will+ Stlth+}
  1817 | D:3      | Reached skill level 4 in Transmutations
  1817 | D:3      | Gained mutation: You have a tail ending in a sharp stinger.
                  | [demonic ancestry]
  1817 | D:3      | Reached XP level 4. HP: 27/32 MP: 5/7
  1883 | D:3      | Reached skill level 1 in Poison Magic
  2348 | D:3      | Gained mutation: A weak demonic guardian rushes to your
                  | aid. [demonic ancestry]
  2348 | D:3      | Reached XP level 5. HP: 37/37 MP: 6/8
  2935 | D:4      | Found a transporter.
  2937 | D:4      | Noticed dracfodder's ghost (amateur FoFi)
  2938 | D:4      | Found a transporter.
  2944 | D:4      | Noticed a phantom
  3597 | D:5      | Entered Level 5 of the Dungeon
  3669 | D:5      | Gained mutation: You are surrounded by a mild repulsion
                  | field. (EV +2) [demonic ancestry]
  3669 | D:5      | Reached XP level 6. HP: 33/43 MP: 9/9
  3765 | D:5      | Identified 2 scrolls of acquirement
  3765 | D:5      | Acquired the ring of Hompoholo {rElec rCorr Int-3 Dex+4
                  | SInv}
  3768 | D:5      | Acquired a book of Geomancy
  3804 | D:5      | Found a runed translucent door.
  3810 | D:5      | Noticed dialectric's ghost (amateur DsFi)
  3968 | D:5      | Noticed a water moccasin
  3981 | D:5      | Killed a water moccasin
  3982 | D:5      | Reached skill level 5 in Transmutations
  4046 | D:5      | Gained mutation: You are surrounded by a moderate repulsion
                  | field. (EV +3) [demonic ancestry]
  4046 | D:5      | Reached XP level 7. HP: 34/48 MP: 10/10
  4050 | D:5      | Reached skill level 6 in Transmutations
  4517 | D:6      | Found a staircase to the Ecumenical Temple.
  4531 | Temple   | Entered the Ecumenical Temple
  4748 | Temple   | Became a worshipper of Gozag Ym Sagoz the Greedy
  4947 | D:6      | Reached skill level 7 in Transmutations
  5228 | D:6      | Reached XP level 8. HP: 48/58 MP: 11/11
  5895 | D:7      | Reached skill level 1 in Armour
  6837 | D:8      | Learned a level 4 spell: Ice Form
  6892 | D:8      | Reached skill level 1 in Ice Magic
  6919 | D:8      | Reached XP level 9. HP: 29/64 MP: 12/12
  7088 | D:8      | Noticed Pikel
  7099 | D:8      | Killed Pikel
  7100 | D:8      | Reached skill level 5 in Ice Magic
  7322 | D:8      | Found a transporter.
  7323 | D:8      | Noticed jtron's ghost (novice DsWn)
  7625 | D:8      | Found a transporter.
  7627 | D:8      | Noticed a gargoyle
  8600 | D:9      | Found a staircase to the Lair.
  8663 | D:9      | Reached skill level 8 in Transmutations
  8967 | D:9      | Noticed a wizard
  8983 | Abyss:3  | Found a corrupted altar of Lugonu.
  8983 | Abyss:3  | Cast into level 3 of the Abyss (a wizard)
  9059 | Abyss:3  | Noticed a shadow wraith
  9134 | Abyss:3  | Noticed a jiangshi
  9162 | Abyss:3  | Noticed a queen bee
  9162 | Abyss:3  | Noticed a smoke demon
  9179 | Abyss:3  | Killed a queen bee
  9180 | Abyss:3  | Gained mutation: A demonic guardian rushes to your aid.
                  | [demonic ancestry]
  9180 | Abyss:3  | Reached XP level 10. HP: 25/70 MP: 13/13
  9191 | Abyss:3  | Killed a smoke demon
  9192 | Abyss:3  | HP: 1/70 [something (13)]
  9213 | Abyss:3  | Noticed a smoke demon
  9214 | Abyss:3  | Reached skill level 5 in Dodging
  9219 | Abyss:3  | Noticed a lorocyproca
  9233 | Abyss:3  | Noticed an Executioner
  9241 | Abyss:3  | HP: 3/105 [lorocyproca (6)]
  9242 | Abyss:3  | Slain by an Executioner

Illustrated notes

Levels and vault maps discovered:
D:1:      nicolae_arrival_memento_mori, layout_loops_corners,
          hellmonk_ecumenical_altar_watching_god
D:2:      layout_rooms
D:3:      layout_basic
D:4:      layout_gridville, gammafunk_ghost_mausoleum, minmay_misc_feat_tiny
D:5:      layout_basic, ebering_ghost_reflecting_pool, uniq_sigmund
D:6:      layout_loops_ring, minmay_temple_entry_wispy
D:7:      layout_basic
D:8:      layout_loops_ring, nzn_ghost_randoct, uniq_pikel
D:9:      cheibrodos_ideogram_h, layout_cave_pods,
          grunt_temple_overflow_diamond, lair_entry_dummy
Temple:   eino_narrow_crystal_temple
Abyss:3:  base: D:4, base: D:2, evilmike_abyss_exit_3,
          hangedman_stitches_earthworm, hangedman_elemental_corridor,
          nicolae_abyss_rune_star_stuff

Skill      XL: |  1  2  3  4  5  6  7  8  9 10 |
---------------+-------------------------------+-----
Transmutations | 2 3 4 5 7 8 |  8.2
Poison Magic   | 2 4 |  4.1
Fighting       | 3 |  3.3
Unarmed Combat | 4 |  4.1
Armour         | 4 |  4.5
Ice Magic      | 3 6 |  6.2
Dodging        | 3 5 |  5.0
Spellcasting   | |  2.0

Action                     |  1- 3 |  4- 6 |  7- 9 | 10-12 || total
---------------------------+-------+-------+-------+-------++-------
  Melee: Unarmed           |   133 |   180 |   327 |    35 ||   675
         Kick              |    21 |    19 |       |       ||    40
         Headbutt          |    11 |     4 |       |       ||    15
         Tailslap          |    11 |     7 |     4 |       ||    22
         Punch             |       |     2 |       |     2 ||     4
   Cast: Beastly Appendage |    22 |    10 |       |       ||    32
         Spider Form       |       |     9 |    16 |       ||    25
         Ice Form          |       |       |    12 |       ||    12
 Invoke: Potion Petition   |       |       |     1 |       ||     1
    Use: Scroll            |       |     6 |    11 |     1 ||    18
         Potion            |       |     1 |     5 |     5 ||    11
   Stab: Sleeping          |     3 |     3 |       |       ||     6
         Distracted        |     1 |     1 |     2 |     1 ||     5
 Armour: Robe              |    17 |       |       |       ||    17
         Leather armour    |    10 |    13 |     3 |       ||    26
         Skin              |       |     4 |    55 |    33 ||    92
  Dodge: Dodged            |   103 |   113 |   270 |    34 ||   520

Table legend: (Time is in decaauts)
 A = Elapsed time spent in this place.
 B = Non-inter-level travel time spent in this place.
 C = Inter-level travel time spent in this place.
 D = Time resting spent in this place.
 E = Time spent auto-exploring this place.
 F = Levels seen in this place.
 G = Mean time per level.
                   A        B        C        D        E       F      G
               +--------+--------+--------+--------+--------+-----+--------+
         Total |   9198 |   8989 |    209 |   1932 |   5386 |  11 |  836.2 |
       Dungeon |   8721 |   8527 |    194 |   1836 |   5148 |   9 |  969.0 |
        Temple |    232 |    217 |     15 |      0 |    200 |   1 |  232.0 |
         Abyss |    244 |    244 |      0 |     96 |     38 |   1 |  244.0 |
               +--------+--------+--------+--------+--------+-----+--------+

Top non-repeatable levels by time:
     D:8: 1894 daAuts
     D:3: 1330 daAuts
     D:6: 1122 daAuts
     D:1: 1072 daAuts
     D:5: 843 daAuts
     D:4: 719 daAuts
     D:7: 715 daAuts
     D:2: 516 daAuts
     D:9: 506 daAuts
 Abyss:3: 244 daAuts
  Temple: 232 daAuts
